[Event "Titled Tuesday Blitz February 15 Early 2022"]
[White "Clawitter, Craig"]
[Black "Desideri, Ricardo Maruchi"]
[WhiteFideId "2023105"]
[BlackFideId "2110440"]
[WhiteElo "2138"]
[BlackElo "1945"]
[Result "0-1"]
[Round "11"]
[TimeControl "180+1"]
[Date "2022.02.15"]
[WhiteClock "0:00:08"]
[BlackClock "0:00:07"]

1. e4 c5 2. Nf3 d6 3. d4 cxd4 4. Nxd4 Nf6 5. Nc3 a6 6. Be3 e6 7. f4 Qc7 8. Qf3 b5 9. O-O-O Nbd7 10. g4 b4 11. Na4 Bb7 12. Bd3 Nc5 13. Nxc5 dxc5 14. Nb5 axb5 15. Bxb5+ Ke7 16. g5 Nxe4 17. Rd7+ Qxd7 18. Bxd7 Kxd7 19. Rd1+ Kc8 20. Qf1 Ba6 21. Qg2 Bb7 22. Qe2 Ba6 23. Qh5 g6 24. Qf3 Bb7 25. Qf1 Rxa2 26. Kb1 Ra5 27. Qc4 Be7 28. Bd2 Kc7 29. Bxb4 Ra4 30. c3 Rd8 31. Rxd8 Kxd8 32. Qb5 Ra7 33. Qb6+ Kc8 34. Qxa7 cxb4 35. cxb4 Bxb4 36. Qd4 Bd6 37. Qh8+ Kd7 38. Qxh7 Ke7 39. Qh4 Bd5 40. Kc2 Nc5 41. Qg4 Be4+ 42. Kc3 Bf5 43. Qg1 Ne4+ 44. Kd4 Bc5+ 45. Ke5 Bxg1 46. b4 Bf2 47. b5 Be1 48. b6 Bc3# 0-1


[Site "https://www.chess.com"]

[Event "Titled Tuesday Blitz February 15 Early 2022"]
[White "Cori T., Deysi"]
[Black "Molina, Roberto Junio Brito"]
[WhiteFideId "3801934"]
[BlackFideId "2109450"]
[WhiteElo "2350"]
[BlackElo "2402"]
[Result "1-0"]
[Round "11"]
[TimeControl "180+1"]
[Date "2022.02.15"]
[WhiteClock "0:00:07"]
[BlackClock "0:00:02"]

1. d4 d5 2. c4 c6 3. Nc3 dxc4 4. a4 e5 5. e3 exd4 6. exd4 Be6 7. Nf3 Nf6 8. Bg5 Be7 9. Be2 O-O 10. O-O Nbd7 11. Qc2 a5 12. Rfd1 Nb6 13. Ne5 Nfd7 14. Be3 Nd5 15. Nxc4 N7b6 16. Ne5 f6 17. Nf3 Re8 18. Bd3 h6 19. Bh7+ Kh8 20. Nh4 Bd6 21. Bg6 Re7 22. Ne4 Nxe3 23. fxe3 Nd5 24. Qf2 Kg8 25. Nc5 Bc8 26. Rd3 b6 27. Ne4 Bc7 28. Re1 Bd7 29. Ng3 Bxg3 30. Qxg3 Qb8 31. Qf3 Qd6 32. Nf5 Bxf5 33. Bxf5 Rae8 34. Bg6 Rd8 35. Bf5 Nb4 36. Rdd1 Qd5 37. e4 Qf7 38. Qg3 Kh8 39. Bg6 Qe6 40. Bf5 Qf7 41. Bg6 Qg8 42. Rd2 Na6 43. Bf5 c5 44. d5 Re5 45. d6 c4 46. d7 Nc5 47. Red1 Nd3 48. Rxd3 cxd3 49. Qxd3 Qf7 50. Qd4 Qe7 51. Qxb6 g5 52. h3 Kg7 53. Rc1 Rxf5 54. exf5 Rxd7 55. Qb8 Rb7 56. Qg3 Rxb2 57. Rc7 Re2 58. Rxe7+ Rxe7 59. Qd6 Re5 60. Qc7+ Kf8 61. Qd8+ Kg7 62. Qd7+ Kg8 63. Kh2 h5 64. h4 gxh4 65. Kh3 Re1 66. Kxh4 Rh1+ 67. Kg3 Re1 68. Kf4 Re5 69. Qd8+ Kg7 70. Qd7+ Kf8 71. Qh7 Rc5 72. Qh8+ Kf7 73. Qb8 Rc4+ 74. Ke3 Rg4 75. g3 Kg7 76. Qc7+ Kh6 77. Kf3 Rxa4 78. Qc6 Ra3+ 79. Kf4 1-0


[Site "https://www.chess.com"]

[Event "Titled Tuesday Blitz February 15 Early 2022"]
[White "De Silva, L M S T"]
[Black "Ratnakaran, K."]
[WhiteFideId "9953698"]
[BlackFideId "5005507"]
[WhiteElo "1631"]
[BlackElo "2391"]
[Result "0-1"]
[Round "11"]
[TimeControl "180+1"]
[Date "2022.02.15"]
[WhiteClock "0:00:18"]
[BlackClock "0:01:25"]

1. Nf3 g6 2. d4 Bg7 3. e3 Nf6 4. c4 O-O 5. Nc3 d6 6. Be2 Nbd7 7. O-O e5 8. dxe5 dxe5 9. Qc2 Qe7 10. b3 e4 11. Nd4 c5 12. Ndb5 Ne5 13. h3 h5 14. Rd1 Bf5 15. Bb2 Nf3+ 16. gxf3 exf3 17. Bd3 Bxh3 18. Bf1 Bf5 19. Qd2 Ne4 20. Nxe4 Bxe4 21. Bxg7 Qg5+ 22. Kh2 Kxg7 23. Qd6 a6 24. Nc3 Bc2 25. Rd2 Rad8 26. Qxd8 Rxd8 27. Rxc2 Qe5+ 28. Kg1 b5 29. Rac1 b4 30. Nd5 h4 31. Bh3 Rh8 32. Kh1 Rh5 33. Rd2 Rg5 34. Nf4 Rg3 35. Rcd1 a5 36. fxg3 hxg3 37. Nd5 Qe4 38. Bg2 Qh4+ 39. Kg1 Qh2+ 40. Kf1 fxg2+ 41. Rxg2 Qh1+ 42. Ke2 0-1


[Site "https://www.chess.com"]

[Event "Titled Tuesday Blitz February 15 Early 2022"]
[White "Demchenko, Anton"]
[Black "Grischuk, Alexander"]
[WhiteFideId "4160258"]
[BlackFideId "4126025"]
[WhiteElo "2539"]
[BlackElo "2762"]
[Result "1/2-1/2"]
[Round "11"]
[TimeControl "180+1"]
[Date "2022.02.15"]
[WhiteClock "0:00:03"]
[BlackClock "0:00:07"]

1. e4 d5 2. exd5 Qxd5 3. Nc3 Qa5 4. Nf3 Nf6 5. g3 c6 6. Bg2 Bf5 7. O-O e6 8. d3 Nbd7 9. Bd2 Qc7 10. Nh4 Bg4 11. Qe1 Be7 12. Kh1 O-O 13. h3 Bh5 14. f4 Rfe8 15. Qf2 Qb6 16. Be3 Qxb2 17. Bd4 Qa3 18. Rab1 Qa6 19. f5 exf5 20. Nxf5 Bf8 21. Ne4 Nxe4 22. Bxe4 f6 23. g4 Bg6 24. g5 Rxe4 25. dxe4 c5 26. Bc3 fxg5 27. Qg2 Re8 28. e5 Qe6 29. Qxg5 b5 30. Rbe1 b4 31. Ba1 Qxa2 32. Nd6 Qd5+ 33. Kg1 Bxd6 34. Rd1 Be7 35. Qxg6 hxg6 36. Rxd5 Nb6 37. Rdd1 c4 38. Bd4 c3 39. Ra1 Nc4 40. Rxa7 Nd2 41. Rf2 Bf8 42. Kg2 Rd8 43. Be3 Nc4 44. Bg5 Re8 45. Re2 Rxe5 46. Rxe5 Nxe5 47. Ra8 Kf7 48. Ra7+ Ke6 49. Ra6+ Kf5 50. Be3 Be7 51. Ra7 Bf6 52. Rb7 Nc4 53. Kf3 Na3 54. Rxb4 Nxc2 55. Rc4 Ke6 56. Ke2 Nxe3 57. Kxe3 Kd5 58. Kd3 g5 59. Rg4 Kc5 60. Rc4+ Kd5 61. Rc8 Ke6 62. Rc4 Kd5 1/2-1/2


[Site "https://www.chess.com"]

[Event "Titled Tuesday Blitz February 15 Early 2022"]
[White "Demin, Vladimir"]
[Black "Vidit, Santosh Gujrathi"]
[WhiteFideId "4167457"]
[BlackFideId "5029465"]
[WhiteElo "2522"]
[BlackElo "2654"]
[Result "0-1"]
[Round "11"]
[TimeControl "180+1"]
[Date "2022.02.15"]
[WhiteClock "0:00:01"]
[BlackClock "0:00:58"]

1. e4 c5 2. Nf3 d6 3. d4 cxd4 4. Qxd4 Nf6 5. Nc3 a6 6. Be3 Nc6 7. Qd2 e6 8. O-O-O Be7 9. Rg1 b5 10. g4 Qa5 11. g5 Nd7 12. Kb1 Nde5 13. Nxe5 dxe5 14. h4 O-O 15. Bd3 Rd8 16. h5 Bb7 17. g6 Nd4 18. Bh6 Bf6 19. Nd5 Qxd2 20. Nxf6+ gxf6 21. gxh7+ Kxh7 22. Bxd2 Nf3 23. Rg3 Nxd2+ 24. Rxd2 Rg8 25. Kc1 Kh6 26. Rd1 Rxg3 27. fxg3 Kxh5 28. Rf1 Kg5 29. Kd2 Rh8 30. Ke3 Rh2 31. a4 b4 32. Kf3 f5 33. Ke3 fxe4 34. Be2 f5 35. Rd1 f4+ 0-1


[Site "https://www.chess.com"]

[Event "Titled Tuesday Blitz February 15 Early 2022"]
[White "Deuer, Marius"]
[Black "Politov, Pavel Y."]
[WhiteFideId "16236432"]
[BlackFideId "24110515"]
[WhiteElo "2091"]
[BlackElo "2090"]
[Result "1-0"]
[Round "11"]
[TimeControl "180+1"]
[Date "2022.02.15"]
[WhiteClock "0:00:16"]
[BlackClock "0:00:01"]

1. Nf3 d5 2. c4 d4 3. b3 c5 4. Bb2 Nc6 5. e3 e5 6. exd4 exd4 7. d3 Nf6 8. g3 Qe7+ 9. Be2 Bh3 10. Rg1 Qd7 11. a3 a5 12. Nbd2 Bd6 13. Qc2 O-O 14. O-O-O Rfe8 15. Rde1 h6 16. Ne4 Nxe4 17. dxe4 f5 18. Bd3 f4 19. gxf4 Bxf4+ 20. Kb1 Bg4 21. Nh4 Ne5 22. Nf5 Bxf5 23. exf5 Nf3 24. Rxe8+ Rxe8 25. Rd1 Bxh2 26. Be4 Ne5 27. Bd5+ Kh8 28. f6 gxf6 29. Rh1 Bf4 30. Qe4 Bg5 31. f4 f5 32. Qg2 Bxf4 33. Bc1 Bxc1 34. Kxc1 Qf7 35. Rxh6+ Qh7 36. Rxh7+ Kxh7 37. Qh3+ Kg7 38. Qxf5 Ng6 39. Qg5 Re1+ 40. Kd2 Re5 41. Qd8 Kh6 42. Qg8 Kg5 43. Bf7 Rf5 44. Qxg6+ Kf4 45. Bd5 Re5 46. Qg2 Kf5 47. Qf3+ Kg6 48. Qg4+ Kf6 49. Qg8 Kf5 50. Qf7+ Kg5 51. Qxb7 Kf4 52. Qb5 Re3 53. Qxc5 Rxb3 54. Qxd4+ Kg5 55. Qe5+ Kg6 56. Be4+ Kf7 57. Qd6 Kg7 58. Bd5 Kh8 59. Qe7 1-0


[Site "https://www.chess.com"]

[Event "Titled Tuesday Blitz February 15 Early 2022"]
[White "Dew, Brian"]
[Black "Hamley, Ryan"]
[WhiteFideId "6000495"]
[BlackFideId "30959497"]
[WhiteElo "2118"]
[BlackElo "2395"]
[Result "1/2-1/2"]
[Round "11"]
[TimeControl "180+1"]
[Date "2022.02.15"]
[WhiteClock "0:00:10"]
[BlackClock "0:00:05"]

1. b3 e5 2. Bb2 Nc6 3. e3 a6 4. c4 Nf6 5. d3 d5 6. cxd5 Nxd5 7. a3 Bd6 8. Nf3 O-O 9. Be2 Kh8 10. O-O f5 11. Nbd2 Be6 12. Nc4 Qf6 13. Rc1 Rad8 14. b4 Rfe8 15. Qc2 Bg8 16. Nxd6 cxd6 17. Rfe1 Rc8 18. Qb1 h6 19. Qa1 Kh7 20. Bf1 Bf7 21. Be2 g5 22. Nd2 g4 23. Nc4 Qe7 24. Bd1 h5 25. Bb3 Rc7 26. Nd2 Rec8 27. Qa2 Nb6 28. Bxf7 Qxf7 29. Qxf7+ Rxf7 30. Nc4 Nxc4 31. dxc4 Rfc7 32. Rcd1 Rd7 33. Re2 Kg6 34. Red2 Rcd8 35. Rd5 Kf7 36. f3 Ke6 37. Kf2 Ne7 38. R5d2 d5 39. cxd5+ Rxd5 40. Rxd5 Rxd5 41. Rxd5 Kxd5 42. Ke2 Nc6 43. Kd3 e4+ 44. fxe4+ fxe4+ 45. Kc2 Kc4 46. Bf6 b5 47. h3 a5 48. bxa5 Nxa5 49. hxg4 hxg4 50. Bc3 Nb3 51. Bf6 Nc5 52. Bc3 Nd3 53. Bd2 Ne5 54. Bc3 Nd3 55. Bd2 Nf2 56. Bc3 Nd3 1/2-1/2


[Site "https://www.chess.com"]

[Event "Titled Tuesday Blitz February 15 Early 2022"]
[White "Einarsson, Halldor Gretar"]
[Black "Kett, Tim"]
[WhiteFideId "2300150"]
[BlackFideId "1801210"]
[WhiteElo "2114"]
[BlackElo "2098"]
[Result "1-0"]
[Round "11"]
[TimeControl "180+1"]
[Date "2022.02.15"]
[WhiteClock "0:00:16"]
[BlackClock "0:00:03"]

1. d4 d5 2. Nf3 e6 3. g3 c5 4. Bg2 cxd4 5. Nxd4 Nc6 6. O-O Nf6 7. c4 e5 8. Nxc6 bxc6 9. Nc3 Bb4 10. cxd5 Bxc3 11. bxc3 cxd5 12. c4 Be6 13. Bg5 d4 14. Bxf6 gxf6 15. Bxa8 Qxa8 16. f3 h5 17. Rb1 h4 18. Qa4+ Kf8 19. Qb4+ Kg7 20. Qb7 hxg3 21. hxg3 Qg8 22. Kg2 Qh7 23. Rh1 Qc2 24. Rxh8 Qxe2+ 25. Kg1 Qe3+ 26. Kh1 Kxh8 27. Qe4 Qxe4 28. fxe4 Bxc4 29. Rb7 Kg7 30. Rxa7 Bd3 31. Kg1 Bxe4 32. Kf2 Bd5 33. a4 e4 34. a5 e3+ 35. Ke1 d3 36. Rd7 Bc4 37. Rd4 d2+ 38. Kd1 Bb3+ 39. Ke2 d1=Q+ 40. Rxd1 1-0


[Site "https://www.chess.com"]

[Event "Titled Tuesday Blitz February 15 Early 2022"]
[White "Eynullayev, Altay"]
[Black "Csonka, Balazs"]
[WhiteFideId "13413562"]
[BlackFideId "742910"]
[WhiteElo "2079"]
[BlackElo "2404"]
[Result "1-0"]
[Round "11"]
[TimeControl "180+1"]
[Date "2022.02.15"]
[WhiteClock "0:00:07"]
[BlackClock "0:00:01"]

1. e4 c5 2. Nf3 Nc6 3. Bb5 Nf6 4. Nc3 g6 5. Bxc6 dxc6 6. h3 c4 7. O-O Bg7 8. a4 b6 9. Qe2 Ba6 10. Rd1 Qc8 11. Qe3 O-O 12. d4 cxd3 13. cxd3 c5 14. d4 cxd4 15. Nxd4 Rd8 16. Bd2 Nxe4 17. Qxe4 Rxd4 18. Qxe7 Qd7 19. Qe1 Re8 20. Be3 Rxd1 21. Rxd1 Qc6 22. Nd5 Bc4 23. Nb4 Qxa4 24. Ra1 Qb3 25. Rxa7 Bxb2 26. Nc6 Bc3 27. Qc1 Bb4 28. Nxb4 Qxb4 29. h4 Bd5 30. f3 Qxh4 31. Bf2 Qf6 32. Qc7 b5 33. Qc5 Qe6 34. Ra3 Bc4 35. Re3 Qd7 36. Ra3 Qe7 37. Qd4 Qxa3 38. Qf6 Qf8 39. Bd4 Re1+ 40. Kf2 Qe7 41. Qg7# 1-0


[Site "https://www.chess.com"]

[Event "Titled Tuesday Blitz February 15 Early 2022"]
[White "Eynullayev, Atilla"]
[Black "Rosenberg, Evan S"]
[WhiteFideId "13413570"]
[BlackFideId "2019299"]
[WhiteElo "1979"]
[BlackElo "2334"]
[Result "1-0"]
[Round "11"]
[TimeControl "180+1"]
[Date "2022.02.15"]
[WhiteClock "0:00:29"]
[BlackClock "0:00:13"]

1. e4 e5 2. Nf3 Nc6 3. Bb5 a6 4. Ba4 Nf6 5. O-O Be7 6. Re1 b5 7. Bb3 O-O 8. a4 d5 9. axb5 dxe4 10. bxc6 exf3 11. Qxf3 e4 12. Qe2 Bg4 13. Qf1 Bc5 14. h3 Bc8 15. d3 exd3 16. Qxd3 Qxd3 17. cxd3 Bf5 18. Be3 Bb4 19. Rd1 a5 20. Bc4 Rad8 21. Nc3 Rfe8 22. Nb5 Re7 23. Bf4 Ne8 24. d4 h6 25. d5 g5 26. Bg3 Nd6 27. Bxd6 cxd6 28. Rac1 Bc8 29. Bf1 f5 30. Nd4 f4 31. c7 Rde8 32. Ne6 Kf7 33. Be2 Kf6 34. Bg4 Bc5 35. Rxc5 dxc5 36. d6 Bxe6 37. d7 Bxd7 38. Bxd7 Rxd7 39. Rxd7 Rc8 40. Rh7 Kg6 41. Rd7 h5 42. Kf1 Kf5 43. Ke2 Ke4 44. Kd2 g4 45. hxg4 hxg4 46. Kc3 g3 47. fxg3 fxg3 48. Kc4 Ke5 49. Kxc5 Ke6 50. Kc6 a4 51. Rd8 Rxc7+ 52. Kxc7 Ke5 53. Ra8 Ke4 54. Rxa4+ Ke3 55. Ra3+ Kf2 56. Rxg3 Kxg3 57. b4 Kxg2 58. b5 Kf3 59. b6 Ke4 60. b7 Kd5 61. b8=Q Kc5 62. Qb7 Kd4 63. Qb6+ Kc4 64. Kc6 Kc3 65. Qb5 Kd4 66. Qc5+ Kd3 67. Kd6 Ke4 68. Qd5+ Kf4 69. Ke6 Kg4 70. Qf5+ Kh4 71. Qg6 Kh3 72. Kf5 Kh2 73. Kf4 Kh1 74. Kf3 Kh2 75. Qg2# 1-0


[Site "https://www.chess.com"]

[Event "Titled Tuesday Blitz February 15 Early 2022"]
[White "Ezat, Mohamed"]
[Black "Howell, David W L"]
[WhiteFideId "10600906"]
[BlackFideId "410608"]
[WhiteElo "2386"]
[BlackElo "2559"]
[Result "1/2-1/2"]
[Round "11"]
[TimeControl "180+1"]
[Date "2022.02.15"]
[WhiteClock "0:00:47"]
[BlackClock "0:01:11"]

1. d4 g6 2. c4 Nf6 3. Nc3 Bg7 4. e4 O-O 5. Be2 d6 6. Bg5 h6 7. Be3 c5 8. d5 e6 9. Qd2 exd5 10. exd5 Kh7 11. h3 Re8 12. Nf3 Nbd7 13. O-O Ne4 14. Nxe4 Rxe4 15. Bd3 Re7 16. Rae1 Nf6 17. Bf4 b5 18. Rxe7 Qxe7 19. Re1 Qd8 20. cxb5 a6 21. a4 axb5 22. Bxb5 Bb7 23. Bc6 Qc7 24. b4 cxb4 25. Qxb4 Bxc6 26. dxc6 Qxc6 27. Qxd6 Qxd6 28. Bxd6 Rxa4 29. Be5 1/2-1/2


[Site "https://www.chess.com"]

[Event "Titled Tuesday Blitz February 15 Early 2022"]
[White "FGHSMN"]
[Black "Szpar, Milosz"]
[BlackFideId "1184989"]
[WhiteElo "2726"]
[BlackElo "2447"]
[Result "1-0"]
[Round "11"]
[TimeControl "180+1"]
[Date "2022.02.15"]
[WhiteClock "0:00:47"]
[BlackClock "0:00:17"]

1. b3 Nf6 2. Bb2 g6 3. Nf3 Bg7 4. g3 O-O 5. Bg2 c5 6. c4 Nc6 7. O-O d6 8. d4 cxd4 9. Nxd4 Bd7 10. Nc3 Rc8 11. Nc2 h5 12. Nd5 Ne5 13. Nxf6+ Bxf6 14. Bxb7 Rb8 15. Bg2 Nf3+ 16. Bxf3 Bxb2 17. Rb1 Bg7 18. Qd2 Bf5 19. e4 Bd7 20. Ne3 Bc6 21. Nd5 e6 22. Nb4 Qa5 23. a3 Rfd8 24. Rfd1 Ba8 25. Nc2 Qc7 26. Qd3 h4 27. Nd4 Qc5 28. b4 Qg5 29. Bg2 Rbc8 30. Nf3 Qg4 31. Nxh4 Bf6 32. h3 Qh5 33. Nf3 Kg7 34. Nd4 g5 35. Nb5 Be5 36. Nxa7 Rc7 37. Nb5 Rcd7 38. Qf3 Qg6 39. Qe2 Bc6 40. Nd4 Ba4 41. Rd2 Kg8 42. b5 Rc8 43. Nc6 Rxc6 44. bxc6 Bxc6 45. Rbd1 Ra7 46. Rxd6 Bxd6 47. Rxd6 Ba4 48. Rd8+ Kh7 49. Qb2 Qg7 50. Qxg7+ Kxg7 51. Rd3 Rc7 52. Rc3 Rc5 53. f4 gxf4 54. gxf4 e5 55. fxe5 Kg6 56. Kf2 Bc6 57. Ke3 Rxe5 58. Kd4 Rg5 59. Bf3 Kf6 60. e5+ 1-0


[Site "https://www.chess.com"]

[Event "Titled Tuesday Blitz February 15 Early 2022"]
[White "Faizrakhmanov, Ramil"]
[Black "Gabdrakhmanov, Azat"]
[WhiteFideId "24103209"]
[BlackFideId "34189197"]
[WhiteElo "2502"]
[BlackElo "2279"]
[Result "0-1"]
[Round "11"]
[TimeControl "180+1"]
[Date "2022.02.15"]
[WhiteClock "0:00:02"]
[BlackClock "0:00:07"]

1. e4 c5 2. Nf3 e6 3. d4 cxd4 4. Nxd4 a6 5. Bd3 Nf6 6. O-O d6 7. c4 Nbd7 8. Nc3 Be7 9. Be3 O-O 10. f4 Re8 11. Kh1 Bf8 12. f5 e5 13. Nf3 b6 14. Rc1 Bb7 15. Nd5 Rc8 16. Qe2 h6 17. b4 Be7 18. a3 Ng4 19. Bg1 Bxd5 20. cxd5 b5 21. Rc6 Nb8 22. Rxc8 Qxc8 23. Qd2 Qd7 24. Rc1 Rc8 25. Rxc8+ Qxc8 26. Qc2 Qb7 27. Nd2 Bd8 28. h3 Nf6 29. Nb3 Nfd7 30. Na5 Bxa5 31. bxa5 b4 32. axb4 Qxb4 33. Qc7 Qa4 34. Qxd6 Kh7 35. Bxa6 Qxa5 36. Bc8 Qb5 37. Bxd7 Nxd7 38. Qe7 Nf6 39. Qxf7 Nxe4 40. Qg6+ Kh8 41. d6 Qd5 42. h4 Qxd6 43. Qg4 Nf6 44. Qf3 e4 45. Qe3 Qe5 46. Bf2 Qxf5 47. Bg3 Ng4 48. Qe2 Kh7 49. Kg1 e3 50. Kh1 Qb1+ 0-1


[Site "https://www.chess.com"]

[Event "Titled Tuesday Blitz February 15 Early 2022"]
[White "Fajdetic, Hrvoje"]
[Black "Omariev, Maksim"]
[WhiteFideId "14501945"]
[BlackFideId "4193423"]
[WhiteElo "2140"]
[BlackElo "2514"]
[Result "1-0"]
[Round "11"]
[TimeControl "180+1"]
[Date "2022.02.15"]
[WhiteClock "0:00:14"]
[BlackClock "0:00:01"]

1. d4 h5 2. Nc3 h4 3. h3 d5 4. Bf4 Bf5 5. Qd2 e6 6. f3 Bb4 7. a3 Ba5 8. b4 Bb6 9. e4 dxe4 10. fxe4 Bg6 11. Nf3 Nf6 12. Bg5 Qd7 13. O-O-O Nxe4 14. Nxe4 Bxe4 15. Ne5 Qa4 16. Kb2 f6 17. Bc4 Nd7 18. Bb3 Qa6 19. Bc4 Qa4 20. Bxe6 Nf8 21. Bb3 Qb5 22. a4 Qa6 23. b5 Qa5 24. Qe2 f5 25. Bd2 1-0


[Site "https://www.chess.com"]

[Event "Titled Tuesday Blitz February 15 Early 2022"]
[White "Fedoseev, Vladimir"]
[Black "Narayanan.S.L"]
[WhiteFideId "24130737"]
[BlackFideId "5058422"]
[WhiteElo "2726"]
[BlackElo "2494"]
[Result "1-0"]
[Round "11"]
[TimeControl "180+1"]
[Date "2022.02.15"]
[WhiteClock "0:01:04"]
[BlackClock "0:00:09"]

1. e4 e5 2. Nf3 Nc6 3. Bb5 Nf6 4. d3 Bc5 5. Bxc6 dxc6 6. Nc3 Bd6 7. Bg5 h6 8. Bh4 Qe7 9. h3 Be6 10. Qe2 O-O-O 11. O-O-O Kb8 12. Bg3 Nd7 13. d4 f6 14. Kb1 a6 15. Qe3 Rhe8 16. Rd2 exd4 17. Nxd4 Bxg3 18. Qxg3 Ne5 19. Rhd1 Nc4 20. Rd3 Bc8 21. b3 Ne5 22. R3d2 g5 23. f4 gxf4 24. Qxf4 Qb4 25. Na4 Nc4 26. Nxc6+ bxc6 27. Rxd8 Rxd8 28. Rxd8 Qe1+ 29. Qc1 Na3+ 30. Kb2 Qb4 31. c3 Qe7 32. Rxc8+ Kxc8 33. c4 a5 34. Qc3 Qd6 35. c5 1-0


[Site "https://www.chess.com"]

[Event "Titled Tuesday Blitz February 15 Early 2022"]
[White "Firat, Burak"]
[Black "Sychev, Klementy"]
[WhiteFideId "6305881"]
[BlackFideId "4114060"]
[WhiteElo "2419"]
[BlackElo "2564"]
[Result "0-1"]
[Round "11"]
[TimeControl "180+1"]
[Date "2022.02.15"]
[WhiteClock "0:00:20"]
[BlackClock "0:00:04"]

1. Nf3 g5 2. c4 g4 3. Ne5 d6 4. Nd3 e5 5. Nc3 f5 6. Nb4 c6 7. Nc2 Bg7 8. d4 Nd7 9. h3 g3 10. fxg3 Ngf6 11. Bg5 Qb6 12. Qd2 h6 13. Bh4 Nf8 14. c5 dxc5 15. dxe5 N6d7 16. e4 Nxe5 17. O-O-O fxe4 18. Ne3 Nfg6 19. Nc4 Qc7 20. Nd6+ Kf8 21. Ncxe4 Be6 22. Be2 Bd5 23. Bh5 Kg8 24. Qf2 Nxh4 25. gxh4 Rf8 26. Qc2 c4 27. Kb1 Nd3 28. b3 b5 29. Rxd3 cxd3 30. Qxd3 Qe7 31. Nc3 Bxc3 32. Qxc3 Qxd6 33. Kb2 Qf6 34. Rc1 Qxc3+ 35. Rxc3 Kg7 36. Ka3 Rf2 37. Bg4 a5 38. Re3 b4+ 39. Ka4 Rxa2# 0-1


[Site "https://www.chess.com"]

[Event "Titled Tuesday Blitz February 15 Early 2022"]
[White "Gabrielian, Artur"]
[Black "Ianov, Viktor"]
[WhiteFideId "4131002"]
[BlackFideId "14102730"]
[WhiteElo "2440"]
[BlackElo "2215"]
[Result "1-0"]
[Round "11"]
[TimeControl "180+1"]
[Date "2022.02.15"]
[WhiteClock "0:01:01"]
[BlackClock "0:00:57"]

1. d4 d6 2. Nf3 g6 3. g3 Bg7 4. Bg2 Nf6 5. O-O O-O 6. a4 a5 7. Na3 c6 8. c3 Na6 9. Re1 Bf5 10. Nh4 Bg4 11. h3 Be6 12. e4 Nc7 13. f4 d5 14. e5 Nfe8 15. g4 Qd7 16. Rf1 f5 17. g5 Bf7 18. Nf3 Ne6 19. Be3 h5 20. Qd2 N8c7 21. Nc2 Rfb8 22. Nce1 b5 23. Nd3 Rb7 24. Ra2 Rab8 25. axb5 Rxb5 26. Rfa1 Ra8 27. Bf1 Nd8 28. Nc5 Rxc5 29. dxc5 Nb7 30. b4 Ne6 31. Nd4 Kh7 32. h4 Be8 33. Nxe6 Qxe6 34. Bd4 Qc8 35. bxa5 Bd7 36. a6 Nd8 37. a7 Ne6 38. Be3 Qc7 39. Qb2 Kg8 40. Qb6 Kf7 41. Qxc7 Nxc7 42. Rb2 Bc8 43. Rb8 1-0


[Site "https://www.chess.com"]

[Event "Titled Tuesday Blitz February 15 Early 2022"]
[White "Gaehwiler, Gabriel"]
[Black "Vitiugov, Nikita"]
[WhiteFideId "1314530"]
[BlackFideId "4152956"]
[WhiteElo "2383"]
[BlackElo "2673"]
[Result "1-0"]
[Round "11"]
[TimeControl "180+1"]
[Date "2022.02.15"]
[WhiteClock "0:00:06"]
[BlackClock "0:00:01"]

1. d4 Nf6 2. c4 g6 3. g3 Bg7 4. Bg2 c5 5. Nf3 Qa5+ 6. Qd2 Nc6 7. Qxa5 Nxa5 8. Nbd2 d6 9. O-O O-O 10. b3 Nc6 11. Bb2 Rb8 12. dxc5 dxc5 13. Ne5 Nb4 14. a3 Nc2 15. Rac1 Nd4 16. Bxd4 cxd4 17. Nd3 Re8 18. Nf3 Ne4 19. Nxd4 Nxf2 20. Kxf2 Bxd4+ 21. e3 Bg7 22. Rfd1 a5 23. Ke2 h5 24. Nf4 Bb2 25. Rc2 Bxa3 26. Ra1 Bb4 27. Nd5 Bf5 28. e4 Bg4+ 29. Bf3 Bxf3+ 30. Kxf3 Red8 31. Ke2 e6 32. Nxb4 axb4 33. Ra4 Rd4 34. Ke3 e5 35. Rxb4 Kg7 36. Rb5 Ra8 37. Rxe5 Rd1 38. Re7 Re1+ 39. Kd3 Rd8+ 40. Kc3 Re3+ 41. Kb2 b6 42. Rf2 Rf8 43. Kc2 Kg8 44. e5 g5 45. b4 g4 46. Kd2 Rb3 47. Rf5 Ra8 48. Kc2 Re3 49. Kb2 Rf3 50. Rexf7 Rfa3 51. R7f6 Ra2+ 52. Kc3 R8a3+ 53. Kd4 Rd2+ 54. Ke4 Re2+ 55. Kd5 Rd3+ 56. Ke6 Rd8 57. Rg5+ Kh7 58. Rxh5+ Kg7 59. Rg5+ Kh7 60. Kf5 Re8 61. e6 Rf2+ 62. Ke5 Re2+ 63. Kf4 Rf2+ 64. Ke5 Re2+ 65. Kd6 Rd2+ 66. Kc6 Rc8+ 67. Kb5 Re8 68. Rxg4 Kh8 69. Rgf4 Kg7 70. h4 Re2 71. h5 Re5+ 72. Kxb6 Rb8+ 73. Kc7 Rxb4 74. Kd6 Re1 75. Rg6+ Kh7 76. Rf7+ Kh8 77. Rh6+ Kg8 78. Rg6+ Kh8 79. Ke7 Rb7+ 80. Kf6 1-0


[Site "https://www.chess.com"]

[Event "Titled Tuesday Blitz February 15 Early 2022"]
[White "Galyas, Miklos"]
[Black "Tay, Junior"]
[WhiteFideId "707244"]
[BlackFideId "5800439"]
[WhiteElo "2409"]
[BlackElo "2216"]
[Result "1-0"]
[Round "11"]
[TimeControl "180+1"]
[Date "2022.02.15"]
[WhiteClock "0:01:24"]
[BlackClock "0:00:18"]

1. c4 Nf6 2. Nc3 g6 3. g3 Bg7 4. Bg2 O-O 5. d3 d6 6. Bg5 c6 7. Qd2 Nbd7 8. Bh6 Qa5 9. Bxg7 Kxg7 10. Nf3 e5 11. O-O Nh5 12. Rab1 f5 13. b4 Qd8 14. b5 f4 15. bxc6 bxc6 16. d4 Qe7 17. dxe5 dxe5 18. Ne4 Ba6 19. Qd6 Qxd6 20. Nxd6 Rab8 21. Ng5 Nc5 22. Bxc6 fxg3 23. hxg3 h6 24. Nge4 Nxe4 25. Bxe4 Rbd8 26. c5 Bxe2 27. Rb7+ Kf6 28. Re1 Bg4 29. Rxa7 Ng7 30. Ra6 Ne6 31. Rc1 Kg5 32. Bg2 Nd4 33. Ne4+ Kh5 34. Re1 Nf3+ 35. Bxf3 Bxf3 36. Nf6+ Kg5 37. Rxe5# 1-0


[Site "https://www.chess.com"]

[Event "Titled Tuesday Blitz February 15 Early 2022"]
[White "Garriga Cazorla, Pere"]
[Black "Lazavik, Denis"]
[WhiteFideId "32011601"]
[BlackFideId "13515110"]
[WhiteElo "2458"]
[BlackElo "2436"]
[Result "0-1"]
[Round "11"]
[TimeControl "180+1"]
[Date "2022.02.15"]
[WhiteClock "0:00:03"]
[BlackClock "0:00:27"]

1. d4 Nf6 2. c4 e6 3. Nc3 Bb4 4. Qc2 O-O 5. Nf3 c5 6. dxc5 Na6 7. g3 Nxc5 8. Bg2 Nce4 9. O-O Bxc3 10. bxc3 d5 11. Ng5 Qc7 12. Nxe4 Nxe4 13. Bxe4 dxe4 14. Qxe4 Bd7 15. Bf4 Qc8 16. Rfd1 Bc6 17. Qe3 f6 18. Bd6 Re8 19. f3 e5 20. Rd2 Qf5 21. Rad1 h5 22. Bc7 Kh7 23. a3 e4 24. f4 Kg6 25. Rd8 a6 26. Rxa8 Rxa8 27. Rd8 Rxd8 28. Bxd8 Qe6 29. c5 Qb3 30. Kg2 Qxa3 31. h3 a5 32. g4 hxg4 33. hxg4 a4 34. f5+ Kf7 35. g5 fxg5 36. f6 g6 37. Qh3 e3+ 38. Kh2 Qxc5 39. Qh7+ Ke6 40. Qg8+ Kd7 41. f7 Qe5+ 42. Kh3 Qf5+ 43. Kh2 Qf4+ 44. Kh3 Qh4# 0-1


[Site "https://www.chess.com"]

[Event "Titled Tuesday Blitz February 15 Early 2022"]
[White "Gatterer, Florian"]
[Black "Hoffmann, Asa"]
[WhiteFideId "811688"]
[BlackFideId "2001470"]
[WhiteElo "2218"]
[BlackElo "2117"]
[Result "1-0"]
[Round "11"]
[TimeControl "180+1"]
[Date "2022.02.15"]
[WhiteClock "0:01:06"]
[BlackClock "0:00:21"]

1. Nf3 d6 2. c4 e5 3. Nc3 Nf6 4. d4 Nbd7 5. g3 c6 6. Bg2 Be7 7. O-O O-O 8. h3 Qc7 9. b3 Re8 10. e3 Bf8 11. Bb2 a6 12. a4 a5 13. Kh2 b6 14. d5 c5 15. Ng5 Re7 16. Qd2 Ne8 17. f4 h6 18. Nf3 e4 19. Nh4 Ndf6 20. Qc2 Qd7 21. f5 Ra7 22. Rae1 Nh7 23. Nxe4 f6 24. Ng6 Rf7 25. Nd2 Be7 26. e4 Nf8 27. Nxf8 Bxf8 28. Nf3 Re7 29. Nh4 Nc7 30. Ng6 Re8 31. Nf4 Na6 32. Ne6 Nb4 33. Qd2 Qf7 34. Bf3 Kh7 35. Bc3 Bxe6 36. fxe6 Qg6 37. h4 Be7 38. Qe2 f5 39. Bh5 1-0


[Site "https://www.chess.com"]